 Dungeon Crawl Stone Soup version 0.16.2-12-gd0ad4c3 (webtiles) character file.

997 faibistes the Thaumaturge (level 7, -6/36 HPs)
             Began as a Deep Elf Wizard on May 18, 2018.
             Was a Follower of Sif Muna.
             Mangled by an orc warrior
             ... wielding a +0 halberd
              (21 damage)
             ... on level 6 of the Dungeon.
             The game lasted 00:17:35 (5394 turns).

faibistes the Thaumaturge (Deep Elf Wizard)         Turns: 5394, Time: 00:17:35

Health: -6/36      AC:  4    Str:  4    XL:     7   Next: 99%
Magic:  25/41      EV: 14    Int: 25    God:    Sif Muna [*.....]
Gold:   231        SH:  0    Dex: 13    Spells: 6 memorised, 9 levels left

rFire  . . .     SeeInvis .     w - staff of power
rCold  . . .     Clarity  .     a - +0 robe
rNeg   + . .     SustAb   .     (no shield)
rPois  +         Gourm    .     b - +0 hat
rElec  .         Spirit   .     (no cloak)
rCorr  .         Warding  +     (no gloves)
rMut   .         Stasis   .     y - +1 pair of boots of the Exiled Lives {rPois MR+}
MR     +....                    e - amulet of warding
Stlth  +.........               (no ring)
                                E - ring of loudness (curse)

@: very slightly contaminated, repel missiles, somewhat resistant to hostile
enchantments, very unstealthy
A: no striking features
a: Channel Energy, Renounce Religion


You were on level 6 of the Dungeon.
You worshipped Sif Muna.
Sif Muna was aware of your devotion.
You were hungry.

You visited 2 branches of the dungeon, and saw 7 of its levels.

You collected 231 gold pieces.

Inventory:

Hand weapons
 g - a +0 dagger
 k - a +0 dagger of venom
 s - a +8 dagger of venom
 A - the +5 hand axe of Thuzybb {chop, Str+4 Int+3 Stlth+}
   (You took it off a gnoll on level 4 of the Dungeon)

   It inflicts extra damage upon your enemies.
   It affects your strength (+4).
   It affects your intelligence (+3).
   It makes you more stealthy.
Armour
 a - a +0 robe (worn)
 b - a +0 hat (worn)
 v - the +3 robe "Zite" {rF+ Str-3 Int+5}
   (You found it on level 4 of the Dungeon)

   It affects your strength (-3).
   It affects your intelligence (+5).
   It protects you from fire.
 y - the +1 pair of boots of the Exiled Lives (worn) {rPois MR+}
   (You found it on level 4 of the Dungeon)

   It protects you from poison.
   It affects your resistance to hostile enchantments.
Magical staves
 w - an uncursed staff of power (weapon)
Jewellery
 e - an amulet of warding (around neck)
 E - a cursed ring of loudness (left hand)
Magical devices
 l - a wand of teleportation (5)
 n - a wand of flame (9)
Scrolls
 h - 2 scrolls of teleportation
 j - a scroll of remove curse {unknown}
 r - 4 scrolls of identify
 t - a scroll of random uselessness {unknown}
 x - a scroll of fog {unknown}
Potions
 f - 2 potions of brilliance
 i - 2 potions of heal wounds
 o - 3 potions of curing
 q - 2 potions of restore abilities
 u - 2 potions of haste
 B - a potion of might
 C - 2 potions of invisibility
Books
 c - a book of Minor Magic

   Spells                             Type                      Level
   a - Magic Dart                     Conjuration                  1
   b - Blink                          Translocation                2
   c - Call Imp                       Summoning                    2
   d - Repel Missiles                 Charms/Air                   2
   e - Slow                           Hexes                        2
   f - Conjure Flame                  Conjuration/Fire             3
   g - Mephitic Cloud                 Conjuration/Poison/Air       3
Comestibles
 d - 4 bread rations
 m - 2 royal jellies
 p - a meat ration
 z - 2 fruits


   Skills:
 + Level 4.7 Dodging
 - Level 2.4 Stealth
 * Level 8.3 Spellcasting
 * Level 4.8 Conjurations
 * Level 2.2 Summonings
 - Level 3.1 Translocations
 * Level 2.1 Fire Magic
 * Level 2.0 Air Magic
 + Level 1.2 Poison Magic


You had 9 spell levels left.
You knew the following spells:

 Your Spells              Type           Power        Failure   Level  Hunger
a - Magic Dart            Conj           ####         1%          1    None
b - Conjure Flame         Conj/Fire      ####....     4%          3    None
c - Call Imp              Summ           ###.....     4%          2    None
d - Blink                 Tloc           N/A          2%          2    None
e - Mephitic Cloud        Conj/Pois/Air  ###.....     8%          3    None
f - Repel Missiles        Chrm/Air       ###...       8%          2    None


Dungeon Overview and Level Annotations

Branches:
Dungeon (6/15)             Temple (1/1) D:4

Altars:
Ashenzari
Cheibriados
Dithmenos
Elyvilon
Gozag
Kikubaaqudgha
Makhleb
Nemelex Xobeh
Okawaru
Qazlal
Ru
Sif Muna
Trog
Vehumet
Xom
Yredelemnul
Zin
The Shining One


Message History

Sigmund is engulfed in noxious fumes.
Sigmund appears confused.
You kill Sigmund!
Your Fire Magic skill increases to level 2!
Your Air Magic skill increases to level 2!
An orc priest comes into view. It is wielding a dagger.
Casting: Mephitic Cloud
Confirm with . or Enter, or press ? or * to list all spells.
Aiming: Magic Dart
Press: ? - help, Shift-Dir - straight line, f - giant frog
Aim: a giant frog The magic dart hits the giant frog.
The giant frog is moderately wounded.
The giant frog misses you.
The orc wizard is engulfed in noxious fumes.
The orc wizard appears confused.
The orc warrior is engulfed in noxious fumes.
The orc warrior appears confused.
The orc warrior hits you from afar with a halberd!!
Ouch! That really hurt!
You die...

.# .######.
#........
#......§####
#....§§§oo
#....o§§#
#..[...?#
#@# #F# #..
#... .....
......
.......
..#..>. . .


You could see an orc warrior (confused), a giant frog, an orc priest and an orc
wizard (confused).

Vanquished Creatures
  A water moccasin (D:4)
  An ogre (D:4)
  2 phantoms (D:4)
  Sigmund (D:6)
  A crimson imp (D:5)
  2 hounds
  2 gnoll shamans
  An iguana (D:4)
  2 worker ants (D:4)
  An orc priest (D:3)
  A giant frog skeleton (D:4)
  Terence (D:2)
  A hound skeleton (D:4)
  8 gnolls
  5 adders
  3 worms
  An adder skeleton (D:3)
  3 giant geckos
  3 oozes
  5 orcs
  A ball python (D:4)
  9 bats
  A bat zombie (D:5)
  5 giant cockroaches
  14 goblins
  8 hobgoblins
  4 jackals (D:3)
  11 kobolds
  8 giant newts
  15 rats
121 creatures vanquished.

Vanquished Creatures (collateral kills)
  A hobgoblin (D:1)
  2 jackals (D:1)
3 creatures vanquished.

Grand Total: 124 creatures vanquished

Notes
Turn   | Place    | Note
--------------------------------------------------------------
     0 | D:1      | faibistes, the Deep Elf Wizard, began the quest for the Orb.
     0 | D:1      | Reached XP level 1. HP: 10/10 MP: 6/6
   188 | D:2      | Noticed Terence
   294 | D:1      | Reached XP level 2. HP: 15/15 MP: 0/9
   298 | D:1      | Learned a level 2 spell: Blink
   301 | D:1      | Learned a level 2 spell: Call Imp
   450 | D:1      | Found a shattered altar of Ashenzari.
   862 | D:1      | Reached skill level 5 in Spellcasting
   880 | D:1      | Reached XP level 3. HP: 19/19 MP: 10/14
   892 | D:1      | Learned a level 3 spell: Conjure Flame
   896 | D:1      | Learned a level 3 spell: Mephitic Cloud
  1716 | D:2      | Killed Terence
  1989 | D:2      | Reached XP level 4. HP: 24/24 MP: 13/17
  1999 | D:2      | Learned a level 2 spell: Repel Missiles
  2906 | D:3      | Reached skill level 6 in Spellcasting
  3045 | D:4      | Reached XP level 5. HP: 18/28 MP: 6/20
  3114 | D:4      | Noticed an ogre
  3277 | D:4      | Killed an ogre
  3277 | D:4      | Reached XP level 6. HP: 12/32 MP: 22/22
  3602 | D:3      | Reached skill level 7 in Spellcasting
  3640 | D:4      | Found a staircase to the Ecumenical Temple.
  3756 | D:4      | Got an opalescent robe
  3767 | D:4      | Identified the +3 robe "Zite" {rF+ Str-3 Int+5} (You found it on level 4 of the Dungeon)
  3800 | D:5      | Entered Level 5 of the Dungeon
  3814 | Temple   | Entered the Ecumenical Temple
  3846 | Temple   | Became a worshipper of Sif Muna the Loreminder
  4423 | D:4      | Noticed a water moccasin
  4446 | D:4      | Killed a water moccasin
  4446 | D:4      | Reached XP level 7. HP: 23/36 MP: 25/25
  4654 | D:4      | Got a pair of bloodstained boots
  4660 | D:4      | Identified the +1 pair of boots of the Exiled Lives {rPois MR+} (You found it on level 4 of the Dungeon)
  4679 | D:4      | Noticed a phantom
  4684 | D:4      | Killed a phantom
  4684 | D:4      | Reached skill level 8 in Spellcasting
  4731 | D:4      | Reached skill level 1 in Air Magic
  4789 | D:4      | Reached skill level 1 in Fire Magic
  4805 | D:4      | Acquired Sif Muna's first power
  4853 | D:4      | Got a scorched hand axe
  4860 | D:4      | Identified the +5 hand axe of Thuzybb {chop, Str+4 Int+3 Stlth+} (You took it off a gnoll on level 4 of the Dungeon)
  4882 | D:4      | Noticed a phantom
  4890 | D:4      | Killed a phantom
  4976 | D:4      | Reached skill level 1 in Poison Magic
  5381 | D:6      | Noticed Sigmund
  5393 | D:6      | Killed Sigmund
  5394 | D:6      | Mangled by an orc warrior

Action                   |  1- 3 |  4- 6 |  7- 9 || total
-------------------------+-------+-------+-------++-------
Melee: Dagger            |     8 |     4 |       ||    12
       Staff             |       |     1 |     1 ||     2
 Cast: Magic Dart        |   107 |   145 |    63 ||   315
       Conjure Flame     |     3 |     5 |     6 ||    14
       Call Imp          |     2 |       |       ||     2
       Mephitic Cloud    |     1 |    11 |     5 ||    17
       Blink             |       |     6 |       ||     6
       Repel Missiles    |       |     2 |       ||     2
  Use: Scroll            |     4 |     1 |    10 ||    15
       Potion            |       |     1 |       ||     1
  Eat: Chunk             |     3 |     8 |     2 ||    13
